Unix NetHack Version 5.0.0-0 post-release - last build May 31 2026 23:59:36 (970b52f25bf058293b47ddfd14a1e40e571c508c,branch:main).

Game began 2026-06-01 05:59:29, ended 2026-06-01 09:15:38.

FutureTim, lawful female human Valkyrie

                          ----------------
                          |........d@....|
                          |........d%d...|
                          ...............|
                          |........u...W.|
                          ---------.---O--
                                   #  ##
                                  #0 ##
                               #### ###
                            ####    ##
                           ##     ####
                         ####      ####
                     --.---.--     #-.-
                     |.......|     #|$$$
                     ..*.....|     #|$$$$$
                     |.......|     #|$$$$$$|
                     |.......|  ####|......|
                     |........###   --------
                     ---------

FutureTim the Fighter       St:18/15 Dx:10 Co:18 In:8 Wi:10 Ch:7  Lawful
Dlvl:11 $:744 HP:0(95) Pw:18(18) AC:-5 Xp:9 T:9263  Satiated Burdened

Latest messages:
 You see the snake slither under a dagger.
 The owlbear hits!
 The owlbear hits again!
 You are being crushed.
 The warg bites!
 The little dog misses!
 Are you sure you want to pray? [yn] (n) y
 You begin praying to Tyr.
 You are surrounded by a shimmering light.
 The little dog starts to attack you, but pulls back.
 The owlbear loosens its grip slightly.
 The warg starts to attack you, but pulls back.
 The little dog starts to attack you, but pulls back.
 The owlbear loosens its grip slightly.
 The warg starts to attack you, but pulls back.
 The little dog starts to attack you, but pulls back.
 The owlbear loosens its grip slightly.
 The warg starts to attack you, but pulls back.
 You finish your prayer.
 You feel that Tyr is well-pleased.
 You feel in good health again.
 You are being held, and cannot go up.
 The little dog misses!
 The owlbear hits!
 The owlbear misses!
 You are being crushed.
 The warg misses!
 You hit the owlbear!
 The barrow wight picks up a dagger.
 You hit the owlbear!
 The barrow wight picks up a wand of magic missile.
 The little dog misses!
 The owlbear misses!
 The owlbear misses!
 You are being crushed.
 The warg misses!
 The barrow wight picks up a leather armor.
 The little dog misses!
 You kill the owlbear!
 The warg bites!
 You see the snake slither under a corpse.
 The barrow wight puts on a leather armor.
 The little dog bites!
 The warg bites!
 You die...
 Do you want your possessions identified? [ynq] (y) y
 Do you want to see your attributes? [ynq] (y) y
 Do you want an account of creatures vanquished? [ynaq] (y) y
 Do you want to see your conduct and achievements? [ynq] (y) y
 Do you want to see the dungeon overview? [ynq] (y) y

Inventory:
 Coins    ('$')
  $ - 744 gold pieces
 Amulets  ('"')
  v - a cursed amulet of reflection
  e - an uncursed amulet versus poison (being worn)
 Weapons  (')')
  D - 3 blessed +1 daggers (at the ready)
  H - a +0 voulge (weapon in hands)
 Armor    ('[')
  m - an uncursed +1 orcish helm (being worn)
  V - an uncursed rotted +0 pair of leather gloves (being worn)
  E - a blessed +0 pair of kicking boots (being worn)
  c - an uncursed +3 small shield
  t - an uncursed +2 cloak of protection (being worn)
  M - an uncursed +0 dwarvish mithril-coat (being worn)
 Comestibles  ('%')
  Y - 2 uncursed cloves of garlic
  d - 6 uncursed food rations
  x - 2 uncursed lembas wafers
  B - 2 uncursed tripe rations
 Scrolls  ('?')
  Z - a blessed scroll of enchant weapon
  Q - an uncursed scroll of identify
  s - a blessed scroll of remove curse
  J - an uncursed scroll of scare monster
  K - a blessed scroll of teleportation
  z - an uncursed scroll of teleportation
  P - a cursed scroll of teleportation
 Potions  ('!')
  C - 2 uncursed potions of extra healing
  L - an uncursed potion of gain energy
  U - an uncursed potion of invisibility
  h - an uncursed potion of monster detection
  O - an uncursed potion of water
  y - a potion of unholy water
 Rings    ('=')
  A - a cursed ring of hunger
  r - an uncursed +1 ring of increase damage (on left hand)
  f - a blessed +1 ring of protection (on right hand)
  u - an uncursed ring of protection from shape changers
  k - an uncursed ring of sustain ability
  n - an uncursed ring of teleport control
 Wands    ('/')
  j - a wand of cancellation (0:6)
  o - a wand of create monster (0:10)
  N - a wand of digging (0:6)
  g - a wand of fire (0:5)
  i - a wand of magic missile (0:2)
  G - a wand of probing (0:5)
  I - a wand of secret door detection (0:13)
  F - a wand of sleep (0:7)
  S - a wand of slow monster (0:6)
  q - a wand of striking (0:4)
  T - a wand of striking (0:4)
 Tools    ('(')
  W - an uncursed credit card
  l - an expensive camera (0:67)
  p - a rustproof +0 pick-axe
 Gems/Stones  ('*')
  b - an uncursed worthless piece of orange glass

FutureTim the Valkyrie's attributes:

Background:
 You were a Fighter, a level 9 human Valkyrie.
 You were lawful, on a mission for Tyr
 who was opposed by Odin (neutral) and Loki (chaotic).
 You were right-handed.
 You were in the Dungeons of Doom, on level 11.
 You entered the dungeon 9263 turns ago.
 There was a full moon in effect when your adventure ended.
 You had 4576 experience points, 544 more were needed to attain level 10.

Basics:
 You had 0 out of 95 hit points.
 You had all 18 energy points (spell power).
 Your armor class was -5.
 Your wallet contained 744 zorkmids.
 Autopickup was off.

Final Characteristics:
 Your strength was 18/15 (limit:18/100).
 Your dexterity was 10 (limit:18).
 Your constitution was 18 (limit:18).
 Your intelligence was 8 (limit:18).
 Your wisdom was 10 (limit:18).
 Your charisma was 7 (limit:18).

Final Status:
 You were satiated.
 You were burdened; movement was slightly slowed.
 You were wielding a polearm.
 You were unskilled in polearms.

Final Attributes:
 You were piously aligned.
 You were cold resistant.
 You were poison resistant.
 You were telepathic.
 You were stealthy.
 You had a small damage bonus (+1).
 You had a small defense bonus (+1).
 You were protected.
 You were fast.
 You were lucky.
 You are dead.

Miscellaneous:
 You didn't encounter any bones levels.
 Total elapsed playing time was 3 hours, 16 minutes and 8 seconds.

Major events:
 Turn
    1: FutureTim the lawful human Valkyrie entered the dungeon
  586: entered the Gnomish Mines
  605: attained the rank of Skirmisher (level 3)
 2463: attained the rank of Fighter (level 6)
 2600: reached Mine Town
 7446: consulted the Oracle
 9263: killed by a warg

You didn't know any spells.

Skills:
 Fighting Skills
   bare handed combat [Unskilled]
   two weapon combat  [Unskilled]
   riding             [Unskilled]
 Weapon Skills
   dagger             [Basic]
   axe                [Unskilled]
   pick-axe           [Unskilled]
   short sword        [Unskilled]
   broadsword         [Unskilled]
   long sword         [Unskilled]
   two-handed sword   [Unskilled]
   saber              [Basic]
   hammer             [Unskilled]
   quarterstaff       [Unskilled]
   polearms           [Unskilled]
   spear              [Basic]
   trident            [Unskilled]
   lance              [Unskilled]
   sling              [Unskilled]
 Spellcasting Skills
   attack spells      [Unskilled]
   escape spells      [Unskilled]

Voluntary challenges:
 Character rerolling was not enabled.
 You never genocided any monsters.
 You never polymorphed an object.
 You never changed form.
 You used no wishes.
Achievements:
 You entered the Gnomish Mines.
 You attained the rank of Skirmisher.
 You attained the rank of Fighter.
 You entered Minetown.
 You entered a shop.
 You entered a temple.
 You consulted the Oracle of Delphi.

 The Dungeons of Doom: levels 1 to 11
    Level 1:
    Level 2:
       An altar to Tyr, a sink, a grave.
       Stairs down to The Gnomish Mines.
    Level 3:
       A general store, a fountain.
    Level 4:
       A fountain.
    Level 5:
       A general store, a sink.
    Level 6:
       A fountain.
    Level 7:
       Many fountains.
       Oracle of Delphi.
    Level 8:
       A fountain.
    Level 9:
       A potion shop, a fountain.
    Level 10:
       A fountain.
    Level 11: <- You were here.
       Final resting place for
          you, killed by a warg.
 The Gnomish Mines: levels 3 to 11
    Level 3:
    Level 4:
    Level 5:
    Level 6:
       Many shops, a temple and an altar, some fountains.
    Level 7:
    Level 8:
    Level 9:
    Level 10:
    Level 11:
       Some fountains.


Vanquished creatures:
  2 vampires
  a queen bee
  a sergeant
  4 small mimics
 an ettin mummy
  a quantum mechanic
  a tiger
  a leocrotta
  a human mummy
  a pit viper
 an ettin zombie
  a soldier
  a crocodile
  a giant beetle
  a cockatrice
  2 lynxes
  a gremlin
  a spotted jelly
  a giant spider
  a horse
 an ice vortex
  2 gnome rulers
  a dwarf mummy
  3 brown puddings
  3 owlbears
  a yeti
  a werewolf
  a lizard
  a dingo
  a jaguar
  a raven
  3 gnome mummies
  a snake
 an ape
  6 human zombies
  5 Woodland-elves
  a fire ant
 an imp
 14 Uruk-hai
 an orc shaman
  3 rock piercers
  a rock mole
  2 yellow lights
  a shrieker
  3 violet fungi
 16 gnome leaders
  4 gnomish wizards
  3 kobold mummies
  a gray ooze
  a ghoul
  2 straw golems
  a paper golem
  a giant ant
  2 floating eyes
  a kitten
  4 dwarves
  a homunculus
  a hill orc
  2 rothes
  a centipede
  a giant bat
 an orc zombie
  a dwarf zombie
  2 wererats
  5 iguanas
 15 killer bees
  2 acid blobs
  a gas spore
  2 hobbits
  2 hobgoblins
  3 giant rats
  a cave spider
  a brown mold
  a yellow mold
  2 green molds
 54 gnomes
  a gnome zombie
  5 geckos
 10 jackals
  2 kobolds
  6 goblins
  9 grid bugs
  a bat
  2 lichens
  2 kobold zombies
  9 newts
266 creatures vanquished.

No species were genocided or became extinct.

Game over:
                       ----------
                      /          \
                     /    REST    \
                    /      IN      \
                   /     PEACE      \
                  /                  \
                  |    FutureTim     |
                  |      744 Au      |
                  | killed by a warg |
                  |                  |
                  |                  |
                  |                  |
                  |       2026       |
                 *|     *  *  *      | *
        _________)/\\_//(\/(/\)/\//\/|_)_______

Farvel FutureTim the Valkyrie...

You died in The Dungeons of Doom on dungeon level 11 with 19525 points,
and 744 pieces of gold, after 9263 moves.
You were level 9 with a maximum of 95 hit points when you died.

